 Dungeon Crawl Stone Soup version 0.19.0-19-g8c6edcc (webtiles) character file.

3202 Ladykiller69 the Grappler (level 9, -4/81 HPs)
             Began as a Troll Fighter on Nov 13, 2016.
             Was a Follower of Uskayaw.
             Slain by an orc warrior
             ... wielding a +0 glaive
              (24 damage)
             ... in a bailey.
             The game lasted 00:17:40 (5665 turns).

Ladykiller69 the Grappler (Troll Fighter)           Turns: 5665, Time: 00:17:40

Health: -4/81      AC:  5    Str: 26    XL:     9   Next: 65%
Magic:  8/8        EV:  8    Int:  4    God:    Uskayaw [*.....]
Gold:   473        SH: 17    Dex: 12    Spells: 0 memorised, 8 levels left

rFire  . . .     SeeInvis .       - Unarmed
rCold  . . .     Gourm    +     a - +0 robe
rNeg   . . .     Faith    .     t - +0 large shield
rPois  .         Spirit   .     (helmet restricted)
rElec  .         Reflect  .     (no cloak)
rCorr  .         Harm     .     (gloves unavailable)
MR     .....                    (boots unavailable)
Stlth  +.........               (no amulet)
                                (no ring)
                                (no ring)

@: no status effects
A: unfitting armour, claws 3, fast metabolism 3, gourmand, regeneration 1,
shaggy fur 1, tough skin 2
a: Stomp, Renounce Religion


You were in a bailey.
You worshipped Uskayaw.
Uskayaw was noncommittal.
You were very full.

You visited 2 branches of the dungeon, and saw 8 of its levels.
You also visited: Bailey.

You collected 473 gold pieces.

Inventory:

Missiles
 f - 212 stones (quivered)
Armour
 a - a +0 robe (worn)
 b - a +0 shield
 t - a +0 large shield (worn)
Jewellery
 o - an uncursed ring of stealth {unknown}
 C - a +4 ring of protection {unknown}
Wands
 m - a wand of flame (31/48)
 B - a wand of enslavement (16/24)
Scrolls
 e - 3 scrolls of fear {unknown}
 h - a scroll of enchant armour {unknown}
 i - 3 scrolls of identify {unknown}
 j - 3 scrolls of remove curse {unknown}
 k - 2 scrolls of amnesia {unknown}
 p - a scroll of enchant weapon {unknown}
 s - 3 scrolls of teleportation {unknown}
 u - 3 scrolls of fog {unknown}
 v - a scroll of recharging {unknown}
 z - 2 scrolls of acquirement {unknown}
Potions
 c - a potion of might
 q - 2 potions of heal wounds {unknown}
 r - 2 potions of ambrosia {unknown}
 x - 7 potions of curing {unknown}
 A - a potion of degeneration {unknown}
 D - 2 potions of brilliance {unknown}
 F - a potion of experience {unknown}
Books
 y - a book of Conjurations

   Spells                             Type                      Level
   a - Magic Dart                     Conjuration                  1
   b - Searing Ray                    Conjuration                  2
   c - Dazzling Spray                 Conjuration/Hexes            3
   d - Fulminant Prism                Conjuration/Hexes            4
   e - Iskenderun's Mystic Blast      Conjuration                  4
   f - Iskenderun's Battlesphere      Conjuration/Charms           5
Comestibles
 d - 6 bread rations
 g - 11 fruits
 l - 5 meat rations
 n - a beef jerky
 w - a slice of pizza
 E - 9 chunks of flesh


   Skills:
 - Level 3.0 Fighting
 - Level 3.0 Dodging
 + Level 8.2 Shields
 + Level 9.6 Unarmed Combat


You had 8 spell levels left.
You didn't know any spells.

Dungeon Overview and Level Annotations

Branches:
Dungeon (7/15)             Temple (1/1) D:6

Altars:
Ashenzari
Cheibriados
Dithmenos
Elyvilon
Fedhas
Gozag
Hepliaklqana
Kikubaaqudgha
Makhleb
Nemelex Xobeh
Okawaru
Qazlal
Ru
Sif Muna
Trog
Uskayaw
Vehumet
Xom
Yredelemnul
Zin
The Shining One


Innate Abilities, Weirdness & Mutations

You are too large for most types of armour.
You have claws for hands.
Your metabolism is lightning-fast.
You like to eat raw meat.
Your natural rate of healing is unusually fast.
You are covered in fur. (AC +1)
You have very tough skin. (AC +2)


Message History

* * * LOW HITPOINT WARNING * * *
You can no longer pass through a line of other dancers.
Items here: !! )) [ †
Things that are here:
a halberd; a glowing ring mail; an orc corpse
There is an open door here.
The orc knight no longer looks unusually strong.
The orc warrior no longer looks unusually strong.
There is an open door, spattered with blood here.
Items here: ))))) [ †††
Items here: )) [ †† a trident; a chain mail; a hand axe; an orc corpse x2
The orc knight no longer looks unusually strong.
The orc knight roars a battlecry!
The orcs go into a battle-frenzy!
The orc knight roars a battlecry!
The orc knight goes into a battle-frenzy!
There is a gate leading back out of this place here.
The orc warrior hits you from afar with a glaive!!
You die...

# ############ ##
##......o.@.##
.######...o........#
.#....#.....o......#
)'....))..........∩#
.#...o#).....))....#
.######......)).)).#
## ##.....)))∩.## #
############


You could see 2 orc knights and an orc warrior.

Vanquished Creatures
  The ghost of equalderp2856 the Gouger, a novice FeFi (D:5)
  The ghost of Philosophy the Archer, an amateur CeHu (D:4)
  Grinder (D:5)
  A hippogriff (D:6)
  The ghost of no0bjke the Conjurer, an amateur DECj (D:3)
  A water moccasin (D:7)
  2 sky beasts (D:5)
  An ogre (D:3)
  A black bear (D:6)
  3 orc warriors
  2 centaurs
  A big kobold (D:6)
  3 bullfrogs (D:6)
  3 scorpions
  3 wights (D:7)
  3 crimson imps
  A jelly (D:6)
  A centaur skeleton (D:5)
  A hound (D:6)
  2 orc priests
  2 iguanas (D:5)
  An orc wizard (D:4)
  3 worker ants
  Robin (D:3)
  6 gnolls
  8 adders
  2 shadow imps
  An ooze (D:2)
  An adder skeleton (D:4)
  A worm (D:3)
  2 dart slugs (D:1)
  8 leopard geckos
  36 orcs
  3 ball pythons
  3 bats
  3 giant cockroaches
  14 goblins
  12 hobgoblins
  13 jackals
  A quokka (D:3)
  6 frilled lizards
  27 kobolds
  A leopard gecko zombie (D:6)
  5 rats
193 creatures vanquished.

Notes
Turn   | Place    | Note
-------+----------+-------------------------------------------
     0 | D:1      | Ladykiller69 the Troll Fighter began the quest for the Orb.
     0 | D:1      | Reached XP level 1. HP: 22/22 MP: 0/0
   136 | D:1      | Reached XP level 2. HP: 29/29 MP: 1/1
   599 | D:1      | Reached XP level 3. HP: 32/36 MP: 2/2
   998 | D:2      | Found a white marble altar of Elyvilon.
  1047 | D:2      | Reached skill level 3 in Unarmed Combat
  1220 | D:2      | Reached XP level 4. HP: 39/44 MP: 3/3
  1631 | D:3      | Noticed an ogre
  1641 | D:3      | Killed an ogre
  1641 | D:3      | Reached XP level 5. HP: 11/53 MP: 4/4
  1687 | D:3      | Noticed Robin
  1712 | D:3      | Killed Robin
  1804 | D:3      | Noticed no0bjke's ghost (amateur DECj)
  1837 | D:3      | Killed no0bjke's ghost
  1837 | D:3      | Reached skill level 4 in Unarmed Combat
  1837 | D:3      | Reached XP level 6. HP: 36/61 MP: 5/5
  2362 | D:4      | Noticed Philosophy's ghost (amateur CeHu)
  2625 | D:4      | Killed Philosophy's ghost
  2625 | D:4      | Reached skill level 5 in Unarmed Combat
  2625 | D:4      | Reached XP level 7. HP: 59/67 MP: 6/6
  2832 | D:4      | Reached skill level 5 in Shields
  2877 | D:4      | Reached skill level 6 in Unarmed Combat
  3098 | D:5      | Entered Level 5 of the Dungeon
  3119 | D:5      | Noticed Grinder
  3124 | D:5      | Paralysed by Grinder for 2 turns
  3130 | D:5      | Killed Grinder
  3137 | D:5      | Reached XP level 8. HP: 60/75 MP: 7/7
  3142 | D:5      | Noticed equalderp2856's ghost (novice FeFi)
  3193 | D:5      | Killed equalderp2856's ghost
  3193 | D:5      | Reached skill level 7 in Unarmed Combat
  3944 | D:6      | Reached skill level 8 in Unarmed Combat
  4092 | D:6      | Found a staircase to the Ecumenical Temple.
  4154 | Temple   | Entered the Ecumenical Temple
  4272 | Temple   | Became a worshipper of Uskayaw the Reveler
  4331 | D:6      | Reached * piety under Uskayaw
  4339 | D:6      | Reached ** piety under Uskayaw
  4347 | D:6      | Reached *** piety under Uskayaw
  4359 | D:6      | Reached **** piety under Uskayaw
  4369 | D:6      | Reached ***** piety under Uskayaw
  4491 | D:6      | Reached XP level 9. HP: 81/81 MP: 8/8
  4763 | D:6      | Reached skill level 9 in Unarmed Combat
  5391 | D:7      | Found a flagged portal.
  5401 | Bailey   | Entered a bailey
  5618 | Bailey   | Noticed an orc knight
  5618 | Bailey   | Noticed an orc knight
  5665 | Bailey   | Slain by an orc warrior

Skill      XL: |  1  2  3  4  5  6  7  8  9 |
---------------+----------------------------+-----
Unarmed Combat | 3 4 5 6 8 9 |  9.6
Dodging        | 3 |  3.0
Fighting       | 3 |  3.0
Shields        | 3 4 5 7 8 |  8.2

Action                   |  1- 3 |  4- 6 |  7- 9 || total
-------------------------+-------+-------+-------++-------
Melee: Unarmed           |   105 |   148 |   346 ||   599
Throw: Stone             |       |     4 |       ||     4
 Stab: Sleeping          |     1 |     1 |     1 ||     3
       Paralysed         |       |       |     8 ||     8
  Eat: Chunk             |    17 |    11 |    29 ||    57
Armor: Robe              |    34 |    38 |    53 ||   125
Dodge: Dodged            |    32 |    33 |    71 ||   136
Block: Shield            |    29 |    62 |    35 ||   126
       Large shield      |       |       |   204 ||   204
